 Dungeon Sprint DCSS version 0.30.1-11-g7821555f0a (webtiles) character file.

Game seed: 17467633515388258747

611 Heoruswealwe the Spear-Bearer (level 7, -26/72 HPs)
             Began as a Minotaur Fighter on Jan 4, 2024.
             Was an Initiate of Gozag.
             Annihilated by a boulder beetle (45 damage)
             ... in the Dungeon (Sprint IX: "|||||||||||||||||||||||||||||").
             The game lasted 00:01:22 (143 turns).

Heoruswealwe the Spear-Bearer (Minotaur Fighter)     Turns: 143, Time: 00:01:24

Health: -26/72     AC:  8    Str: 22    XL:     7   Next: 20%
Magic:  6/6        EV:  9    Int:  5    God:    Gozag
Gold:   225        SH:  4    Dex: 10    Spells: 6/6 levels left

rFire   . . .        a - +0 trident
rCold   . . .        d - +0 buckler
rNeg    . . .        c - +0 scale mail
rPois   .            (helmet restricted)
rElec   .            (no cloak)
rCorr   .            (no gloves)
SInv    .            (no boots)
Will    .....        (no amulet) Stlth
                     (no ring)
HPRegen 0.32/turn    (no ring)
MPRegen 0.10/turn

%: no teleportation
@: gold aura
A: horns 2, retaliatory headbutt
a: Renounce Religion, Potion Petition, Call Merchant, Bribe Branch


You were in the Dungeon.
You worshipped Gozag.
Gozag was aware of your devotion.
You visited 1 branch You collected 225 gold pieces.

Inventory:

Hand Weapons
 a - a +0 trident (weapon)
Armour
 c - a +0 scale mail (worn)
 d - a +0 buckler (worn)
Jewellery
 k - a +2 ring of protection
 l - a +3 ring of intelligence
Wands
 h - a wand of light (10)
Scrolls
 j - 2 scrolls of blinking
Potions
 b - a potion of might
 e - 4 potions of curing
 f - 3 potions of heal wounds
 g - a potion of haste
 i - a potion of berserk rage


   Skills:
 + Level 10.1 Fighting
 * Level 13.3 Polearms
 + Level 10.1 Armour
 - Level 3.6 Shields


You had 6 spell levels left.
You didn't know any spells.
Your spell library was empty.

Dungeon Overview and Level Annotations

Branches:
Dungeon (1/1)

Altars:
Cheibriados
Dithmenos
Elyvilon
Fedhas
Gozag
Hepliaklqana
Kikubaaqudgha
Makhleb
Nemelex Xobeh
Okawaru
Qazlal
Ru
Sif Muna
Trog
Uskayaw
Vehumet
Wu Jian
Xom
Yredelemnul
Zin
The Shining One
Jiyva
Lugonu


Innate Abilities, Weirdness & Mutations

You have a pair of horns on your head.
You reflexively headbutt those who attack you in melee.


Message History

Things that are here:
a +0 short sword; 4 poisoned darts; a +0 shortbow You open the door.
A deep elf pyromancer, 2 cyclopes, a tengu warrior, a two-headed ogre and a boulder beetle come into view.
The deep elf pyromancer shouts!
The cyclops shouts! x2
The two-headed ogre shouts in stereo!
You completely miss the deep elf pyromancer.
The boulder beetle leaps!
The deep elf pyromancer hits you with a +0 dagger.
You hit the deep elf pyromancer.
Your headbutt misses the deep elf pyromancer.
The deep elf pyromancer is lightly wounded.
The tengu warrior is distracted by your dazzling golden aura.
The boulder beetle leaps!
The deep elf pyromancer mumbles some strange words.
The deep elf pyromancer blinks!
The cyclops hits you.
There is an open door here.
The tengu warrior shouts!
You puncture the cyclops!
The cyclops is lightly wounded.
The cyclops hits you but does no damage.
You puncture the cyclops! Your headbutt misses the cyclops.
The cyclops is heavily wounded.
The tengu warrior is no longer distracted by gold.
The boulder beetle curls into a ball and begins rolling!
The tengu warrior is distracted by your dazzling golden aura.
The tengu warrior shouts!
You puncture the cyclops!
The cyclops is severely wounded.
The deep elf pyromancer is distracted by your dazzling golden aura.
The deep elf pyromancer shouts!
You hit the cyclops but do no damage. You headbutt the cyclops!
The cyclops is almost dead.
The cyclops hits you!
* * * LOW HITPOINT WARNING * * *
The boulder beetle hits you!!!
Ouch! That really hurt!
You die...
Your body crumbles into a pile of gold.

▓.▓
▓$▓
$ $
▓.▓
$
▓$▓
$
▓$▓
$
▓e▓
$ $
▓°▓
$
▓B▓
$
▓@▓
▓C▓
▓C▓
▓.▓
▓Q▓
▓O▓
▓.▓
▓+▓


You could see a boulder beetle (rolling), a tengu warrior, a two-headed ogre, 2
cyclopes and a deep elf pyromancer.

Vanquished Creatures
  A yak (D)
  An orc warrior (D)
  A centaur (D)
  2 kobold brigands (D)
  A scorpion (D)
  A howler monkey (D)
  A hound (D)
  2 adders (D)
  A white imp (D)
  A dart slug (D)
  A ball python (D)
  An endoplasm (D)
  2 goblins (D)
16 creatures vanquished.

Notes
Turn   | Place    | Note
-------+----------+-------------------------------------------
     0 | D        | Heoruswealwe the Minotaur Fighter began the quest for the
                  | Orb.
     0 | D        | Reached XP level 1. HP: 19/19 MP: 0/0
     7 | D        | Reached skill level 3 in Polearms
    15 | D        | Reached skill level 4 in Polearms
    15 | D        | Reached XP level 2. HP: 27/28 MP: 1/1
    21 | D        | Noticed a scorpion
    28 | D        | Killed a scorpion
    29 | D        | Reached skill level 5 in Fighting
    29 | D        | Reached skill level 7 in Polearms
    29 | D        | Reached skill level 5 in Armour
    29 | D        | Reached XP level 3. HP: 37/37 MP: 2/2
    32 | D        | Reached XP level 4. HP: 40/44 MP: 3/3
    42 | D        | Reached skill level 8 in Polearms
    55 | D        | Found a snail-covered altar of Cheibriados.
    55 | D        | Found a shadowy altar of Dithmenos.
    55 | D        | Found a white marble altar of Elyvilon.
    55 | D        | Found a blossoming altar of Fedhas.
    55 | D        | Found an opulent altar of Gozag.
    56 | D        | Found a hazy altar of Hepliaklqana.
    57 | D        | Found a viscous altar of Jiyva.
    58 | D        | Found an ancient bone altar of Kikubaaqudgha.
    59 | D        | Found a corrupted altar of Lugonu.
    60 | D        | Found a burning altar of Makhleb.
    61 | D        | Found a sparkling altar of Nemelex Xobeh.
    62 | D        | Found an iron altar of Okawaru.
    63 | D        | Found a stormy altar of Qazlal.
    65 | D        | Became a worshipper of Gozag Ym Sagoz the Greedy
    67 | D        | Found a sacrificial altar of Ru.
    68 | D        | Found a shimmering blue altar of Sif Muna.
    69 | D        | Found a bloodstained altar of Trog.
    70 | D        | Found a hide-covered altar of Uskayaw.
    71 | D        | Found a radiant altar of Vehumet.
    72 | D        | Found an ornate altar of the Wu Jian Council.
    73 | D        | Found a shimmering altar of Xom.
    74 | D        | Found a basalt altar of Yredelemnul.
    75 | D        | Found a glowing silver altar of Zin.
    76 | D        | Found a glowing golden altar of the Shining One.
   100 | D        | Noticed an orc warrior
   100 | D        | Noticed a kobold brigand
   100 | D        | Noticed a yak
   100 | D        | Noticed a centaur
   100 | D        | Noticed a kobold brigand
   102 | D        | Killed an orc warrior
   103 | D        | Reached skill level 10 in Polearms
   103 | D        | Reached XP level 5. HP: 53/53 MP: 4/4
   111 | D        | Reached skill level 11 in Polearms
   111 | D        | Reached XP level 6. HP: 39/62 MP: 5/5
   114 | D        | Killed a yak
   115 | D        | Reached skill level 12 in Polearms
   125 | D        | Reached XP level 7. HP: 36/71 MP: 6/6
   132 | D        | Reached skill level 10 in Fighting
   132 | D        | Reached skill level 13 in Polearms
   132 | D        | Reached skill level 10 in Armour
   136 | D        | Noticed a deep elf pyromancer
   136 | D        | Noticed a cyclops
   136 | D        | Noticed a cyclops
   136 | D        | Noticed a tengu warrior
   136 | D        | Noticed a two-headed ogre
   136 | D        | Noticed a boulder beetle
   143 | D        | Annihilated by a boulder beetle

Illustrated notes

Levels and vault maps discovered:
D:        linesprint [early_d, line_temple, items_1, d_10, items_2, lair_1,
          lair_end, items_3, orc_1, orc_end, items_4, d_15, swamp_1, shoals_1,
          snake_1, spider_1, d_20, vaults_1, items_5, swamp_end, shoals_end,
          snake_end, spider_end, vaults_end, d_27, items_6, zot_1, zot_end,
          crypt_end, forest_end, elf_end, slime_end, tomb_end, abyss_end,
          pan_hell_end]

Skill      XL: |  1  2  3  4  5  6  7 |
---------------+----------------------+-----
Polearms       | 4 7 10 11 12 13 | 13.3
Fighting       | 4 5 6 7 8 9 10 | 10.1
Armour         | 4 5 6 7 8 9 10 | 10.1
Shields        | |  3.6

Action                     |  1- 3 |  4- 6 |  7- 9 || total
---------------------------+-------+-------+-------++-------
  Melee: Trident           |    18 |    37 |    13 ||    68
         Headbutt          |     2 |     5 |     2 ||     9
    Use: Potion            |     1 |       |       ||     1
 Armour: Scale mail        |     2 |    12 |     2 ||    16
  Dodge: Dodged            |     8 |     8 |     1 ||    17
  Block: Buckler           |     1 |     4 |       ||     5
